 Dungeon Crawl Stone Soup version 0.30.1 (webtiles) character file.

Game seed: 16870781121785487336

25 GimliDwarf the Cudgeller (level 3, 0/26 (30) HPs)
             Began as a Meteoran Reaver on July 7, 2023.
             Slain by a jackal (1 damage)
             ... on level 2 of the Dungeon.
             The game lasted 00:02:19 (437 turns).

GimliDwarf the Cudgeller (Meteoran Reaver)           Turns: 437, Time: 00:02:20

HP:   0/26 (30)     AC:  3    Str: 15    XL:     3   Next: 38%
MP:   6/8           EV:  9    Int: 14    God:
Gold: 49            SH:  0    Dex: 13    Spells: 6/7 levels left

rFire   . . .        a - +0 mace
rCold   . . .        (no shield)
rNeg    . . .        b - +0 leather armour
rPois   .            (no helmet)
rElec   .            (no cloak)
rCorr   .            (no gloves)
SInv    .            (no boots)
Will    .....        (no amulet)
Stlth   +            (no ring)
HPRegen 0.24/turn    (no ring)
MPRegen 0.11/turn

%: no passive effects
@: very slightly contaminated, glowing, constricted, heavily drained
A: sense surroundings 1, otherworldly, glowing, explore regen
a: no special abilities


You were on level 2 of the Dungeon.
You visited 1 branch of the dungeon, and saw 2 of its levels.

You collected 49 gold pieces.

Inventory:

Hand Weapons
 a - a +0 mace (weapon)
Missiles
 g - a throwing net
Armour
 b - a +0 leather armour (worn)
Scrolls
 d - a scroll of teleportation {unknown}
 e - a scroll of identify {unknown}
 i - a scroll of vulnerability {unknown}
Potions
 c - a potion of magic {unknown}
 f - a potion of curing {unknown}
 h - a potion of haste {unknown}


   Skills:
 + Level 2.3 Fighting
 + Level 4.6 Maces & Flails
 + Level 0.4 Armour
 + Level 2.6 Dodging
 + Level 2.8 Spellcasting
 + Level 4.1 Conjurations


You had 6 spell levels left.
You knew the following spells:

 Your Spells              Type           Power      Damage    Failure   Level
a - Kiss of Death         Conj/Necr      28%        2d7       12%         1

Your spell library contained the following spells:

 Spells                   Type           Power      Damage    Failure   Level
 Momentum Strike          Conj/Tloc      14%        3d8       17%         2
 Hailstorm                Conj/Ice       7%         3d4       34%         3


Dungeon Overview and Level Annotations

Branches:
Dungeon (2/15) Zot: 749

Altars:
Makhleb

Shops:
D:1 =


Innate Abilities, Weirdness & Mutations

You passively map a small area around you.
You are easily found by Zot.
You glow in the dark.
You regain HP and MP as you explore.


Message History

You are too injured to fight recklessly!
You are too injured to fight recklessly!
You are too injured to fight recklessly!
Aiming: Kiss of Death (safe; 12% risk of failure)
Press: ? - help, Q - select action, (/) - cycle Shift-Dir - straight line, f - kobold
Aim: a kobold, wielding a +0 dagger and quivering stones (100% to hit)
You miscast Kiss of Death.
You are very lightly contaminated with residual magic.
Nothing appears to happen.
The jackal bites you but does no damage.
The jackal misses you. The kobold closely misses you.
Aiming: Kiss of Death (safe; 12% risk of failure)
Press: ? - help, Q - select action, (/) - cycle Shift-Dir - straight line, f/p - kobold
Aim: a kobold, wielding a +0 dagger and quivering stones (100% to hit)
The negative energy hits the kobold!
The kobold is drained!
You kill the kobold!
You feel drained. The jackal bites you. The jackal closely misses you.
The jackal bites you but does no damage. x2
You barely miss the jackal. The ball python closely misses you.
The ball python grabs you. The ball python constricts you.
The jackal barely misses you. The jackal bites you.
The ball python bites you but does no damage.
The ball python constricts you.
You hit the jackal.
The jackal is severely wounded.
The jackal closely misses you. The jackal bites you.
* * * LOW HITPOINT WARNING * * *
The ball python bites you.
* * * LOW HITPOINT WARNING * * *
The ball python constricts you. The jackal bites you.
* * * LOW HITPOINT WARNING * * *
The jackal bites you but does no damage.
You hit the jackal.
You kill the jackal!
The jackal bites you.
* * * LOW HITPOINT WARNING * * *
The ball python bites you but does no damage.
The ball python constricts you. The jackal bites you.
You die...

, , , ,
.........
##....... # ,,
, ##........ ..
, , #.....#..
##.## , , ,,
............. ,
.###....#......
,
......†[S......
> ,
......h@†...$..
, , , * ,
..[...####.....
, * ._..# , *
... * ...,* * .
* , . ,,, ,, *
* ,, * * ** * ,
,


You could see a jackal and a ball python.

Vanquished Creatures
  2 dart slugs (D:1)
  A bat (D:1)
  2 endoplasms (D:1)
  A giant cockroach (D:1)
  A goblin (D:1)
  2 hobgoblins (D:1)
  3 jackals (D:2)
  2 quokkas
  2 ball pythons (D:1)
  2 frilled lizards (D:1)
  2 kobolds
  A rat (D:1)
21 creatures vanquished.

Notes
Turn   | Place    | Note
-------+----------+-------------------------------------------
     0 | D:1      | GimliDwarf the Meteoran Reaver began the quest for the Orb.
     0 | D:1      | Reached XP level 1. HP: 17/17 MP: 5/5
    94 | D:1      | Reached XP level 2. HP: 21/24 MP: 6/6
   132 | D:1      | Found Jouru's Jewellery Shoppe.
   201 | D:1      | Found a faded altar of an unknown god.
   313 | D:1      | Reached XP level 3. HP: 18/30 MP: 8/8
   425 | D:2      | Found a burning altar of Makhleb.
   437 | D:2      | HP: 1/26 [jackal (1)]
   437 | D:2      | Slain by a jackal

Illustrated notes

Levels and vault maps discovered:
D:1:      lightli_arrival_statue_moat, layout_loops_ring, serial_shops,
          nicolae_shop_just_a_little_nook, dreamdust_ecumenical_altar_statues
D:2:      layout_rooms, basic_altar, serial_park_tiny_1,
          hangedman_abyss_or_decor_stabs

Skill      XL: |  1 |
---------------+----+-----
Conjurations   | 4 |  4.1
Fighting       | |  2.3
Maces & Flails | |  4.6
Armour         | |  0.4
Dodging        | |  2.6
Spellcasting   | |  2.8

Action                     || total
---------------------------++-------
  Melee: Mace              ||    67
   Cast: Kiss of Death     ||     1
 Armour: Leather armour    ||    29
  Dodge: Dodged            ||    38
